 Dungeon Crawl Stone Soup version 0.25-a0-578-gc91f01c39c (webtiles) character file.

Game seed: 8496103697147163008, levelgen mode: deterministic

4673 Kohma the Prestidigitator (level 10, 0/114 HPs)
             Began as a Gnoll Artificer on Mar 2, 2020.
             Was an Elder of the Shining One.
             Succumbed to an orc warrior's poison
             ... on level 9 of the Dungeon on Mar 3, 2020.
             The game lasted 00:26:48 (10714 turns).

Kohma the Prestidigitator (Gnoll Artificer)        Turns: 10714, Time: 00:26:49

Health: 0/114      AC: 25    Str: 19    XL:     10   Next: 44%
Magic:  16/16      EV:  2    Int: 16    God:    the Shining One [****..]
Gold:   51         SH: 10    Dex: 16    Spells: 19/19 levels left

rFire    . . .     SeeInvis .   G - +1 trident (protect)
rCold    . . .     Gourm    .   o - +0 kite shield
rNeg     + + +     Faith    .   (armour currently unavailable)
rPois    +         Spirit   .   (helmet currently unavailable)
rElec    .         Reflect  .   (cloak currently unavailable)
rCorr    .         Harm     .   (gloves currently unavailable)
MR       .....     NoTele   +   (boots currently unavailable)
Stlth    ++........             (no amulet)
HPRegen  0.29/turn              B - +3 ring of evasion
MPRegen  0.15/turn              F - +2 ring of strength

@: lethally poisoned (0 -> -3), tree-form, glowing
A: distributed training, low mp 1, strong 1, strong nose
a: Divine Shield, Cleansing Flame, Renounce Religion


You were on level 9 of the Dungeon.
You worshipped the Shining One.
The Shining One was greatly pleased with you.
You were not hungry.
You were a tree.
You visited 2 branches of the dungeon, and saw 10 of its levels.

You collected 435 gold pieces.
You spent 384 gold pieces at shops.

Inventory:

Hand Weapons
 a - a +0 dagger of venom
 b - a +0 hunting sling
 y - a +0 antimagic short sword
 G - a +1 trident of protection (weapon)
Missiles
 g - 133 arrows
 j - 75 bolts
 k - 317 stones
 m - a throwing net
 n - 49 poisoned darts (quivered)
 u - 34 sling bullets
 z - 7 datura-tipped darts
 Q - 3 javelins
Armour
 o - a +0 kite shield (worn)
 t - a +0 cloak
 x - a +0 scale mail
 A - a scarf of cloud immunity (melded)
 J - a +0 buckler
 N - a +0 helmet (melded)
 O - a +2 pair of gloves (melded)
 R - a +0 plate armour (melded)
Jewellery
 B - a +3 ring of evasion (left branch)
 F - a +2 ring of strength (right branch)
 K - an uncursed ring of wizardry {unknown}
Wands
 c - a wand of flame (31)
 d - a wand of enslavement (15)
 e - a wand of random effects (15)
 H - a wand of acid (12)
 P - a wand of polymorph (10)
Scrolls
 h - 2 scrolls of remove curse
 l - 2 scrolls of identify
 q - 5 scrolls of amnesia
 s - a scroll of magic mapping
 v - 2 scrolls of blinking
 E - a scroll of fog
 L - a scroll of teleportation
Potions
 i - 3 potions of lignification
 w - 2 potions of flight
Comestibles
 f - 8 rations
 M - 5 chunks of flesh


   Skills:
 + Level 5.8 Fighting
 + Level 5.8 Short Blades
 + Level 5.2 Long Blades
 + Level 5.2 Axes
 + Level 5.2 Maces & Flails
 + Level 5.2 Polearms
 + Level 5.2 Staves
 + Level 5.2 Slings
 + Level 5.2 Bows
 + Level 5.2 Crossbows
 + Level 5.2 Throwing
 + Level 5.2 Armour
 + Level 7.0 Dodging
 + Level 5.7 Stealth
 + Level 5.2 Shields
 + Level 5.2 Unarmed Combat
 + Level 5.2 Spellcasting
 + Level 4.3 Conjurations
 + Level 4.3 Hexes
 + Level 4.3 Charms
 + Level 4.3 Summonings
 + Level 4.3 Necromancy
 + Level 4.3 Translocations
 + Level 4.3 Transmutations
 + Level 4.3 Fire Magic
 + Level 4.3 Ice Magic
 + Level 4.3 Air Magic
 + Level 4.3 Earth Magic
 + Level 4.3 Poison Magic
 + Level 5.7 Invocations
 + Level 8.4 Evocations


You had 19 spell levels left.
You didn't know any spells.
Your spell library contained the following spells:

 Spells                   Type           Power        Failure   Level  Hunger
 Corona                   Hex            ###....      9%          1    None
 Slow                     Hex            ###.....     14%         2    #......
 Inner Flame              Hex/Fire       ###.....     26%         3    ###....
 Portal Projectile        Hex/Tloc       ###...       26%         3    ###....
 Cause Fear               Hex            ###.......   65%         4    ####...
 Leda's Liquefaction      Hex/Erth       ###.......   65%         4    ####...


Dungeon Overview and Level Annotations

Branches:
Dungeon (9/15)             Temple (1/1) D:6            Lair (0/6) D:8
    Orc: D:9-12

Altars:
Ashenzari
Cheibriados
Dithmenos
Elyvilon
Fedhas
Gozag
Hepliaklqana
Kikubaaqudgha
Makhleb
Nemelex Xobeh
Okawaru
Qazlal
Ru
Sif Muna
Trog
Uskayaw
Vehumet
Wu Jian
Xom
Yredelemnul
Zin
The Shining One

Shops:
D:8 [


Innate Abilities, Weirdness & Mutations

Your experience applies equally to all skills.
((You have very sharp teeth.))
Your uncanny sense of smell can sniff out nearby items.
Your magical capacity is low. (-10% MP)
Your muscles are strong. (Str +2)


Message History

Your roots penetrate the ground.
* * * LOW HITPOINT WARNING * * *
You feel sick.
Really quaff the potion of mutation?
You feel extremely strange.
You feel less energetic.
You feel stronger. The Shining One protects you from harm!
Okay, then.
Okay, then.
* * * LOW HITPOINT WARNING * * *
You feel sick.
The orc zombie is engulfed in blazing flames.
The orc zombie explodes!
The fiery explosion engulfs the orc!!!
You kill the orc!
The Shining One accepts your kill.
You feel better.
* * * LOW HITPOINT WARNING * * *
You feel sick.
You die...

.......))...#
#######Z##### ##. #(.#
#..####### #Z## .........#
#§# .........#
######§####### .........#
#.%.%○§).....#
.........####.....☼§§....#
.........##.'...♣........#
............#.%.....%....#
.......<.####............#
########## #........!...#
##############


You could see a goblin zombie and an orc zombie.

Vanquished Creatures
  2 slime creatures (D:8)
  A wraith (D:9)
  2 hungry ghosts
  Grum (D:8)
  An ice beast (D:4)
  3 orc warriors
  2 sky beasts (D:8)
  A black bear (D:9)
  2 phantoms
  4 ogres (D:6)
  4 wolves (D:8)
  A centaur (D:5)
  4 big kobolds (D:8)
  2 bullfrogs (D:6)
  2 gnoll sergeants (D:5)
  2 scorpions
  4 howler monkeys
  A bullfrog zombie (D:8)
  A centaur zombie (D:7)
  3 crimson imps
  3 hounds
  7 jellies
  A quasit (D:9)
  3 orc priests
  4 orc wizards
  A centaur skeleton (D:5)
  2 iguanas
  A bullfrog skeleton (D:6)
  6 worker ants
  An ogre zombie (D:9)
  A hound zombie (D:8)
  12 gnolls
  14 adders
  2 shadow imps
  3 oozes (D:8)
  An adder zombie (D:5)
  3 worms
  5 dart slugs
  4 leopard geckos
  26 orcs
  13 ball pythons
  2 giant cockroaches
  7 goblins
  10 hobgoblins
  3 jackals (D:2)
  3 quokkas
  10 bats
  3 frilled lizards (D:3)
  10 kobolds
  A leopard gecko skeleton (D:4)
  An orc zombie (D:9)
  8 rats
214 creatures vanquished.

Vanquished Creatures (others)
  10 toadstools (D:8)
10 creatures vanquished.

Grand Total: 224 creatures vanquished

Notes
Turn   | Place    | Note
-------+----------+-------------------------------------------
     0 | D:1      | Kohma the Gnoll Artificer began the quest for the Orb.
     0 | D:1      | Reached XP level 1. HP: 17/17 MP: 4/4
     6 | D:1      | Noticed a wyvern
     6 | D:1      | Noticed a wolf
     6 | D:1      | Noticed a polar bear
   142 | D:1      | Upgraded the game from 0.25-a0-577-ga4619f409e to
                  | 0.25-a0-578-gc91f01c39c
   456 | D:1      | Reached XP level 2. HP: 18/23 MP: 6/6
  1033 | D:2      | Reached XP level 3. HP: 27/28 MP: 7/7
  1095 | D:2      | Found a glowing golden altar of the Shining One.
  1098 | D:2      | Became a worshipper of the Shining One
  1204 | D:2      | Reached skill level 1 in Invocations
  1213 | D:2      | Found a glowing silver altar of Zin.
  1332 | D:2      | Reached skill level 1 in Long Blades
  1332 | D:2      | Reached skill level 1 in Axes
  1332 | D:2      | Reached skill level 1 in Maces & Flails
  1332 | D:2      | Reached skill level 1 in Polearms
  1332 | D:2      | Reached skill level 1 in Staves
  1332 | D:2      | Reached skill level 1 in Slings
  1332 | D:2      | Reached skill level 1 in Bows
  1332 | D:2      | Reached skill level 1 in Crossbows
  1332 | D:2      | Reached skill level 1 in Throwing
  1332 | D:2      | Reached skill level 1 in Armour
  1332 | D:2      | Reached skill level 1 in Shields
  1332 | D:2      | Reached skill level 1 in Unarmed Combat
  1332 | D:2      | Reached skill level 1 in Spellcasting
  1350 | D:2      | Reached XP level 4. HP: 11/34 MP: 8/8
  1908 | D:2      | Reached skill level 1 in Conjurations
  1908 | D:2      | Reached skill level 1 in Hexes
  1908 | D:2      | Reached skill level 1 in Charms
  1908 | D:2      | Reached skill level 1 in Summonings
  1908 | D:2      | Reached skill level 1 in Necromancy
  1908 | D:2      | Reached skill level 1 in Translocations
  1908 | D:2      | Reached skill level 1 in Transmutations
  1908 | D:2      | Reached skill level 1 in Fire Magic
  1908 | D:2      | Reached skill level 1 in Ice Magic
  1908 | D:2      | Reached skill level 1 in Air Magic
  1908 | D:2      | Reached skill level 1 in Earth Magic
  1908 | D:2      | Reached skill level 1 in Poison Magic
  1960 | D:2      | Reached XP level 5. HP: 28/40 MP: 9/9
  2558 | D:3      | Noticed a phantom
  2600 | D:3      | Killed a phantom
  2600 | D:3      | Reached XP level 6. HP: 23/47 MP: 11/11
  2943 | D:3      | Reached * piety under the Shining One
  2970 | D:3      | You fall into a shaft and drop 1 floor!
  2995 | D:4      | Reached skill level 5 in Dodging
  3106 | D:4      | Found a stormy altar of Qazlal.
  3106 | D:4      | Found a sparkling altar of Nemelex Xobeh.
  3107 | D:4      | Found an opulent altar of Gozag.
  3255 | D:3      | Found a radiant altar of Vehumet.
  3774 | D:4      | Noticed an ice beast
  3788 | D:4      | Killed an ice beast
  3788 | D:4      | Reached XP level 7. HP: 20/52 MP: 12/12
  4148 | D:4      | Reached skill level 7 in Evocations
  4859 | D:5      | Entered Level 5 of the Dungeon
  4887 | D:5      | Found a hazy altar of Hepliaklqana.
  5281 | D:5      | Reached XP level 8. HP: 33/60 MP: 13/13
  5810 | D:5      | Got a shimmering leather armour
  5821 | D:5      | Identified the +3 leather armour of Honour {*Corrode Int+5}
                  | (You found it on level 5 of the Dungeon)
  6414 | D:6      | Reached ** piety under the Shining One
  6503 | D:6      | Found a staircase to the Ecumenical Temple.
  6508 | Temple   | Entered the Ecumenical Temple
  7007 | D:6      | Reached XP level 9. HP: 54/66 MP: 14/14
  7725 | D:7      | Found a shimmering blue altar of Sif Muna.
  8291 | D:7      | Found an ornate altar of the Wu Jian Council.
  8479 | D:8      | Found a staircase to the Lair.
  8641 | D:8      | Noticed Grum
  8670 | D:8      | HP: 3/67 [Grum/+1 spear (4)]
  8674 | D:8      | Killed Grum
  8674 | D:8      | Reached skill level 5 in Fighting
  8674 | D:8      | Reached skill level 5 in Short Blades
  8687 | D:8      | Reached skill level 5 in Stealth
  8729 | D:8      | Reached skill level 8 in Evocations
  9017 | D:8      | Found Unucuvon's Antique Armour Emporium.
  9102 | D:8      | Reached skill level 5 in Invocations
  9136 | D:8      | Bought a helmet for 144 gold pieces
  9136 | D:8      | Bought a pair of runed gloves for 240 gold pieces
  9169 | D:8      | Reached *** piety under the Shining One
  9291 | D:8      | Reached XP level 10. HP: 74/74 MP: 17/17
  9372 | D:8      | HP: 3/74 [slime creature (15)]
 10036 | D:8      | Reached skill level 5 in Long Blades
 10036 | D:8      | Reached skill level 5 in Axes
 10036 | D:8      | Reached skill level 5 in Maces & Flails
 10036 | D:8      | Reached skill level 5 in Polearms
 10036 | D:8      | Reached skill level 5 in Staves
 10036 | D:8      | Reached skill level 5 in Slings
 10036 | D:8      | Reached skill level 5 in Bows
 10036 | D:8      | Reached skill level 5 in Crossbows
 10036 | D:8      | Reached skill level 5 in Throwing
 10036 | D:8      | Reached skill level 5 in Armour
 10036 | D:8      | Reached skill level 5 in Shields
 10036 | D:8      | Reached skill level 5 in Unarmed Combat
 10036 | D:8      | Reached skill level 5 in Spellcasting
 10683 | D:9      | Reached **** piety under the Shining One
 10706 | D:9      | HP: 2/76 [poisoned by an orc warrior]
 10710 | D:9      | Gained mutation: Your magical capacity is low. (-10% MP)
                  | [potion of mutation]
 10710 | D:9      | Gained mutation: Your muscles are strong. (Str +2) [potion
                  | of mutation]
 10710 | D:9      | The Shining One protects you from harm!
 10712 | D:9      | HP: 1/114 [poisoned by an orc warrior]
 10714 | D:9      | Succumbed to an orc warrior's poison

Levels and vault maps discovered:
D:1:      onia_arrival_zoo_common, layout_loops_ring, dk_noncrumbling_3,
          minmay_misc_feat_columns
D:2:      minmay_general_purpose_star, layout_loops_ring, tso_oasis_becter,
          old_standard_altar, minivault_24, minmay_snake_closets
D:3:      wad_river_or_something, layout_basic, vehumet_crystals
D:4:      layout_cave_pods, gammafunk_temple_overflow_forgotten, first_ration
D:5:      layout_basic, lemuel_crystal_altar
D:6:      layout_rooms, minmay_temple_entry_slanted
D:7:      layout_basic, lemuel_coloured_pillars_altar, basic_altar,
          kennysheep_generic_room_15
D:8:      cheibrodos_fertilizer, layout_loops_ring, dpeg_oklobed_lair,
          serial_shops, nicolae_shop_trees, uniq_grum
D:9:      layout_roguey, zombieorc1_lemuel, gammafunk_ghost_abyssal_escape,
          david_nohive_1
Temple:   nicolae_temple_great_sept

Skill      XL: |  1  2  3  4  5  6  7  8  9 10 |
---------------+-------------------------------+-----
Invocations    | 1 2 3 4 5 |  5.7
Long Blades    | 1 2 3 4 5 |  5.2
Axes           | 1 2 3 4 5 |  5.2
Maces & Flails | 1 2 3 4 5 |  5.2
Polearms       | 1 2 3 4 5 |  5.2
Staves         | 1 2 3 4 5 |  5.2
Slings         | 1 2 3 4 5 |  5.2
Bows           | 1 2 3 4 5 |  5.2
Crossbows      | 1 2 3 4 5 |  5.2
Throwing       | 1 2 3 4 5 |  5.2
Armour         | 1 2 3 4 5 |  5.2
Shields        | 1 2 3 4 5 |  5.2
Unarmed Combat | 1 2 3 4 5 |  5.2
Spellcasting   | 1 2 3 4 5 |  5.2
Conjurations   | 1 2 3 4 |  4.3
Hexes          | 1 2 3 4 |  4.3
Charms         | 1 2 3 4 |  4.3
Summonings     | 1 2 3 4 |  4.3
Necromancy     | 1 2 3 4 |  4.3
Translocations | 1 2 3 4 |  4.3
Transmutations | 1 2 3 4 |  4.3
Fire Magic     | 1 2 3 4 |  4.3
Ice Magic      | 1 2 3 4 |  4.3
Air Magic      | 1 2 3 4 |  4.3
Earth Magic    | 1 2 3 4 |  4.3
Poison Magic   | 1 2 3 4 |  4.3
Fighting       | 3 4 5 |  5.8
Short Blades   | 3 4 5 |  5.8
Stealth        | 3 4 5 |  5.7
Dodging        | 5 6 7 |  7.0
Evocations     | 7 8 |  8.4

Action                   |  1- 3 |  4- 6 |  7- 9 | 10-12 || total
-------------------------+-------+-------+-------+-------++-------
Melee: Short sword       |    54 |       |       |       ||    54
       Whip              |    14 |       |       |       ||    14
       Bite              |    19 |    22 |    76 |    41 ||   158
       Dagger            |    62 |   214 |   345 |       ||   621
       Trident           |       |       |   238 |   188 ||   426
Throw: Dart              |       |       |    23 |    10 ||    33
Evoke: Wand              |       |     6 |     9 |     1 ||    16
  Use: Scroll            |       |       |    15 |     2 ||    17
       Potion            |       |       |     1 |     4 ||     5
  Eat: Chunk             |     1 |     8 |    16 |       ||    25
       Ration            |       |       |     1 |     2 ||     3
Armor: Leather armour    |     7 |       |       |       ||     7
       Ring mail         |    42 |    30 |       |       ||    72
       Scale mail        |       |    46 |   120 |    24 ||   190
       Plate armour      |       |       |       |    20 ||    20
Dodge: Dodged            |    83 |    92 |   243 |    87 ||   505
Block: Kite shield       |    31 |    90 |   234 |    83 ||   438

Table legend:
 A = Non-vault XP
 B = Vault XP
 C = Vault XP percentage of total XP
 D = Non-vault monster count
 E = Vault monster count
 F = Vault count percentage of total count
                 A         B        C        D         E       F
            +---------+---------+-------+---------+---------+-------
      Total |    4224 |    2452 |  36.7 |     157 |      57 |  26.6
            +---------+---------+-------+---------+---------+-------
        D:1 |      29 |       0 |   0.0 |      14 |       0 |   0.0
        D:2 |      41 |     101 |  71.1 |      17 |      19 |  52.8
        D:3 |     212 |      16 |   7.0 |      21 |       9 |  30.0
        D:4 |     478 |       0 |   0.0 |      19 |       0 |   0.0
        D:5 |     679 |       0 |   0.0 |      20 |       0 |   0.0
        D:6 |    1193 |       0 |   0.0 |      32 |       0 |   0.0
        D:7 |     144 |      48 |  25.0 |       4 |       1 |  20.0
        D:8 |     954 |    1853 |  66.0 |      19 |      24 |  55.8
        D:9 |     494 |     434 |  46.8 |      11 |       4 |  26.7
            +---------+---------+-------+---------+---------+-------
